AoeStats
← matgodoy10

Arabia

509475678Analyzed
1v1 RM · 6d ago on Sep 26, 2026· 47m 58s· 2 players
Game mode
Random Map
Map size
Tiny (2 player)
Population
200
Speed
Normal
Resources
Standard
Victory
Conquest
Starting age
Dark Age
Ending age
Imperial Age
RankedLock teamsTeams togetherTeam positionsShared explorationLock speedFull tech treeHidden civsTurbo modeCheats
Victory
Defeat
🇲🇽 Bengalis · Mexico
1017
+16
🇨🇱 Maya · Chile
1009
-16
matgodoy10
0:27 Loom
10:32 Feudal Age
14:43 Castle Age
13:31 Double-Bit Axe
17:45 Horse Collar
22:47 Wheelbarrow
23:26 Squires
23:12 Eagle Warrior
25:07 Forging
26:26 Scale Mail Armor
29:21 Bow Saw
29:47 Gold Mining
30:52 Heavy Plow
30:55 Fletching
32:14 Masonry
32:58 Iron Casting
32:38 Chain Mail Armor
36:34 Imperial Age
34:27 Chain Mail Armor
34:44 Town Watch
36:03 Bodkin Arrow
36:06 Arson
37:01 Stone Mining
36:37 Elite Eagle Warrior
37:40 Conscription
38:36 Blast Furnace
39:10 Holcans
39:06 Ballistics
39:44 Plate Mail Armor
40:28 Crop Rotation
40:45 Padded Archer Armor
41:54 Chemistry
43:49 Hand Cart
42:59 Pikeman
45:20 Halberdier
Inge
6:34 Loom
9:42 Feudal Age
10:30 Double-Bit Axe
10:30 Horse Collar
19:53 Wheelbarrow
22:22 Castle Age
20:43 Gold Mining
21:17 Fletching
22:40 Crossbowman
23:16 Bodkin Arrow
28:15 Bow Saw
28:08 Heavy Plow
30:25 Town Watch
30:34 Town Watch
34:39 Hand Cart
37:36 Imperial Age
37:19 Husbandry
37:31 Bloodlines
37:28 Scale Barding Armor
37:15 Light Cavalry
37:43 Elite Battle Elephant
39:34 Chemistry
40:07 Conscription
40:44 Chain Barding Armor
40:38 Forging
40:37 Paiks
44:26 Plate Barding Armor
47:04 Iron Casting
49:01 Blast Furnace
Connection lost

Rejoining the realm…

Still unreachable

The connection could not be restored.

Session expired

The server has moved on; the page needs a fresh start.